 Dungeon Crawl Stone Soup version 0.21-a0-518-g43a1781 (webtiles) character file.

11 4thArraOfDagon the Skirmisher (level 2, 0/27 HPs)
             Began as a Minotaur Abyssal Knight on Dec 4, 2017.
             Was a Follower of Lugonu.
             Slain by a hobgoblin
             ... wielding a +0 club
              (4 damage)
             ... on level 1 of the Dungeon.
             The game lasted 00:01:03 (164 turns).

4thArraOfDagon the Skirmisher (MiAK)                 Turns: 164, Time: 00:01:04

Health: 0/27       AC:  3    Str: 16    XL:     2   Next: 17%
Magic:  2/2        EV: 11    Int:  9    God:    Lugonu [*.....]
Gold:   46         SH:  0    Dex:  9    Spells: 1/1 levels left

rFire    . . .     SeeInvis .   f - +2 glaive (venom)
rCold    . . .     Gourm    .   (shield currently unavailable)
rNeg     . . .     Faith    .   b - +0 leather armour
rPois    .         Spirit   .   (helmet restricted)
rElec    .         Reflect  .   (no cloak)
rCorr    .         Harm     .   (no gloves)
MR       .....     Rnd*Tele +   (no boots)
Stlth    +.........             (no amulet)
HPRegen  0.09/turn              (no ring)
MPRegen  0.08/turn              (no ring)

@: no status effects
A: retaliatory headbutt, horns 2, teleportitis 1
a: Depart the Abyss, Renounce Religion


You were on level 1 of the Dungeon.
You worshipped Lugonu.
Lugonu was aware of your devotion.
You were not hungry.

You visited 1 branch of the dungeon, and saw 1 of its levels.
You visited the Abyss 1 time.

You collected 46 gold pieces.

Inventory:

Hand Weapons
 a - a +1 hand axe
 f - a +2 glaive of venom (weapon)
Armour
 b - a +0 leather armour (worn)
Scrolls
 d - a scroll of remove curse {unknown}
 e - a scroll of identify {unknown}
Comestibles
 c - a bread ration


   Skills:
 + Level 3.7 Fighting
 - Level 2.4(2.5) Axes
 * Level 1.1(2.0) Polearms
 + Level 2.6 Armour
 + Level 1.4 Dodging
 + Level 1.9 Invocations


You had one spell level left.
You didn't know any spells.

Dungeon Overview and Level Annotations

Branches:
Dungeon (1/15)

Altars:


Innate Abilities, Weirdness & Mutations

You reflexively headbutt those who attack you in melee.
You have a pair of horns on your head.
You are occasionally teleported next to monsters.


Message History

The giant cockroach bites you.
* * * LOW HITPOINT WARNING * * *
Unknown command.
You barely miss the giant cockroach.
The giant cockroach bites you but does no damage.
The giant cockroach completely misses you.
Unknown command.
Your leather armour prevents you from hitting the giant cockroach.
The giant cockroach barely misses you. x2
Unknown command.
You hit the giant cockroach but do no damage.
The giant cockroach is poisoned.
Your headbutt misses the giant cockroach.
You kill the giant cockroach!
Lugonu accepts your kill.
You can now depart the Abyss.
Unknown command.
You barely miss the hobgoblin. The hobgoblin barely misses you.
You furiously retaliate!
You headbutt the hobgoblin. The hobgoblin hits you with a club.
You die...

..# ### #.. ..... #..##.#
#.#g# # #...#.## #.#.#
.#####......# #.#.#
........#..# #.#.# .
#.#...##..# #.#.#
.......g@..# #S#.#
##.#.#...###.#
#.#.###.......####.######.##
#r.#.##..#.....†...)........
.g###S...########.#######.#.
#..#†###.# #.# ...S.# #.#
#.....# ... .......# ##.


You could see a hobgoblin.

Vanquished Creatures
  An ooze (D:1)
  2 bats (D:1)
  A giant cockroach (D:1)
  A hobgoblin (D:1)
  A kobold (D:1)
  A rat (D:1)
7 creatures vanquished.

Notes
Turn   | Place    | Note
-------+----------+-------------------------------------------
     0 | Abyss:1  | 4thArraOfDagon the Minotaur Abyssal Knight began the quest for the Orb.
     0 | Abyss:1  | Reached XP level 1. HP: 19/19 MP: 1/1
    37 | Abyss:2  | Noticed a neqoxec
    38 | Abyss:2  | Gained mutation: You are occasionally teleported next to monsters. [a neqoxec]
    84 | Abyss:3  | Noticed a raiju
    98 | D:1      | Escaped the Abyss
   129 | D:1      | Reached skill level 1 in Polearms
   129 | D:1      | Reached XP level 2. HP: 3/27 MP: 2/2
   163 | D:1      | Reached * piety under Lugonu
   164 | D:1      | Slain by a hobgoblin

Vault maps used:
D:1:      tarquinn_simple_flora_water_b
Abyss:3:  dshaligram_kb_abyss_rune_zappy_water_cross, minivault_4

Skill      XL: |  1 |
---------------+----+-----
Polearms       | 1 |  1.1
Fighting       | |  3.7
Axes           | |  2.4
Armour         | |  2.6
Dodging        | |  1.4
Invocations    | |  1.9

Action                   || total
-------------------------++-------
Melee: Glaive            ||    21
       Headbutt          ||     2
Invok: Depart the Abyss  ||     1
Armor: Leather armour    ||     4
Dodge: Dodged            ||    14

Table legend:
 A = Spawn XP
 B = Non-spawn XP
 C = Spawn XP percentage of total XP
 D = Spawn monster count
 E = Non-spawn monster count
 F = Spawn count percentage of total count
 G = Total turns spent on level
                    A         B        C        D         E        F      G
               +---------+---------+-------+---------+---------+-------+---------
         Total |       0 |      17 |   0.0 |       0 |       7 |   0.0 |   164
               +---------+---------+-------+---------+---------+-------+---------
           D:1 |       0 |      17 |   0.0 |       0 |       7 |   0.0 |    66
               +---------+---------+-------+---------+---------+-------+---------
